 Dungeon Crawl Stone Soup version 0.27-a0-1060-gcb85b5eba1 (webtiles) character file.

Game seed: 17354574137576184387

26352 DarkShadow the Peltast (level 12, -1/110 HPs)
             Began as a Minotaur Fighter on Apr 21, 2021.
             Was an Initiate of Gozag.
             Slain by a 14-headed hydra (8 damage)
             ... on level 13 of the Dungeon.
             The game lasted 00:40:54 (12333 turns).

DarkShadow the Peltast (Minotaur Fighter)          Turns: 12333, Time: 00:40:56

Health: -1/110     AC: 26    Str: 31    XL:     12   Next: 97%
Magic:  11/11      EV:  8    Int:  5    God:    Gozag
Gold:   2801       SH: 15    Dex: 11    Spells: 11/11 levels left

rFire    + . .     SeeInvis .   u - +4 demon blade of Moderation {vorpal, rF+ rN+}
rCold    + . .     Faith    .   c - +0 kite shield
rNeg     + . .     Spirit   .   D - +2 plate armour {rC+}
rPois    .         Reflect  .   (helmet restricted)
rElec    .         Harm     .   f - +2 cloak
rCorr    .         Rampage  .   (no gloves)
Will     .....                  z - +0 pair of boots
Stlth    ..........             o - amulet of regeneration
HPRegen  1.28/turn              k - +6 ring of strength
MPRegen  0.12/turn              t - +4 ring of protection

@: gold aura
A: horns 2, retaliatory headbutt
a: Renounce Religion, Potion Petition, Call Merchant, Bribe Branch


You were on level 13 of the Dungeon.
You worshipped Gozag.
Gozag was most pleased with you.
You visited 2 branches of the dungeon, and saw 14 of its levels.
You also visited: Sewer.

You collected 2922 gold pieces.
You paid 121 gold pieces to Gozag.

Inventory:

Hand Weapons
 u - the +4 demon blade of Moderation (weapon) {vorpal, rF+ rN+}
   (You acquired it on level 5 of the Dungeon)

   It inflicts extra damage upon your enemies.
   It protects you from fire.
   It protects you from negative energy.
Missiles
 q - 3 curare-tipped darts (quivered)
 v - 4 atropa-tipped darts
Armour
 c - a +0 kite shield (worn)
 f - a +2 cloak (worn)
 z - a +0 pair of boots (worn)
 D - a +2 plate armour of cold resistance (worn)
Jewellery
 k - a +6 ring of strength (left hand)
 o - an amulet of regeneration (around neck)
 t - a +4 ring of protection (right hand)
Wands
 x - a wand of digging (5)
 B - a wand of flame (26)
 C - a wand of acid (10)
Scrolls
 i - 2 scrolls of blinking
 l - 7 scrolls of teleportation
 s - 4 scrolls of fog
 y - 3 scrolls of enchant weapon
 A - a scroll of silence
 G - a scroll of amnesia
Potions
 a - a potion of attraction {unknown}
 b - 2 potions of cancellation {unknown}
 d - 5 potions of might
 e - 2 potions of magic
 g - 3 potions of lignification
 h - 2 potions of invisibility
 m - 3 potions of heal wounds {unknown}
 n - 3 potions of curing
 p - a potion of brilliance {unknown}
 r - 2 potions of flight
 w - a potion of resistance
 E - a potion of berserk rage
 F - a potion of mutation {unknown}
Miscellaneous
 j - a box of beasts
 H - a phial of floods


   Skills:
 + Level 11.6 Fighting
 + Level 15.5 Long Blades
 + Level 12.6 Armour
 - Level 0.1 Dodging
 - Level 0.1 Stealth
 + Level 15.8 Shields


You had 11 spell levels left.
You didn't know any spells.
Your spell library contained the following spells:

 Spells                   Type           Power      Damage    Failure   Level
 Magic Dart               Conj           0%         1d3       97%         1
 Searing Ray              Conj           0%         3d3       99%         2
 Dazzling Flash           Conj/Hex       0%         N/A       100%        3
 Fulminant Prism          Conj/Hex       0%         3d6       100%        4
 Iskenderun's Mystic Bla  Conj/Tloc      0%         2d3       100%        4


Dungeon Overview and Level Annotations

Branches:
Dungeon (13/15)            Temple (1/1) D:7            Lair (0/6) D:10
    Orc (0/2) D:11         Vaults (0/5) D:13          Sewer (visited)

Altars:
Ashenzari
Dithmenos
Elyvilon
Fedhas
Gozag
Makhleb
Qazlal
Xom
Yredelemnul
Zin

Shops:
D:6 (   D:11 :

Portals:
Ossuary: D:4

Annotations:
D:4 2 transporters


Innate Abilities, Weirdness & Mutations

You have a pair of horns on your head.
You reflexively headbutt those who attack you in melee.


Message History

You block the 14-headed hydra's attack. The 14-headed hydra barely misses you.
The 14-headed hydra bites you.
You block the 14-headed hydra's attack. x2
The 14-headed hydra bites you but does no damage. x2
The 14-headed hydra bites you! The 14-headed hydra bites you.
* * * LOW HITPOINT WARNING * * *
The 14-headed hydra bites you but does no damage. x2
The 14-headed hydra barely misses you.
The 14-headed hydra bites you but does no damage.
You barely miss the 14-headed hydra.
The 14-headed hydra is almost dead.
The 14-headed hydra bites you but does no damage.
The 14-headed hydra bites you.
* * * LOW HITPOINT WARNING * * *
The 14-headed hydra bites you but does no damage.
The 14-headed hydra bites you.
* * * LOW HITPOINT WARNING * * *
You block the 14-headed hydra's attack. x2
The 14-headed hydra bites you but does no damage. x2
The 14-headed hydra barely misses you.
The 14-headed hydra bites you but does no damage. x2
The 14-headed hydra bites you.
* * * LOW HITPOINT WARNING * * *
The 14-headed hydra bites you but does no damage.
You block the 14-headed hydra's attack.
You are too injured to fight recklessly!
You feel better.
You block the 14-headed hydra's attack. x2
The 14-headed hydra bites you.
* * * LOW HITPOINT WARNING * * *
You block the 14-headed hydra's attack. The 14-headed hydra closely misses you.
The 14-headed hydra bites you but does no damage.
The 14-headed hydra bites you!
* * * LOW HITPOINT WARNING * * *
The 14-headed hydra closely misses you. The 14-headed hydra bites you.
* * * LOW HITPOINT WARNING * * *
The 14-headed hydra bites you but does no damage.
The 14-headed hydra bites you.
* * * LOW HITPOINT WARNING * * *
The 14-headed hydra bites you!
You die...
Your body crumbles into a pile of gold.

####+######
.#
#.........# .
#.........#
#.
#.........+ .
#.........#
#..)......#
#$.# ##D##
#.@# #..####
#......####
#.#........#
#.##.....##.#
## #.....#
#.....#
#.....#
#.....#


You could see a 14-headed hydra.

Vanquished Creatures
  Jorgrun (D:13)
  The ghost of Zigma the Slicer, a journeyman DrMo of Uskayaw (D:11)
  Snorg (D:10)
  3 boulder beetles
  A hydra (D:13)
  Erolcha (D:11)
  A catoblepas (D:13)
  4 two-headed ogres
  Pikel (D:7)
  A deep elf pyromancer (D:12)
  An orb spider (shapeshifter) (D:13)
  The ghost of PirateVox the Covert, a novice KoVM (D:6)
  4 cyclopes
  Maggie (D:7)
  A komodo dragon (D:12)
  2 unseen horrors
  2 tengu conjurers (D:13)
  The ghost of tensugalgo the Cleaver, a novice VSGl (D:5)
  4 trolls
  3 slime creatures (D:10)
  Sigmund (D:6)
  3 shadows
  2 wraiths
  A vampire (D:13)
  6 yaks (D:12)
  Grum (D:9)
  4 hogs (D:8)
  A human (D:8)
  A wyvern (D:7)
  A basilisk (D:12)
  Menkaure (D:5)
  2 steam dragons (D:8)
  4 acid dragons
  A water moccasin (D:6)
  Duvessa (D:7)
  A swamp drake (D:11)
  A sky beast (D:5)
  2 black bears
  6 orc warriors
  An ice beast (D:7)
  3 ogres
  4 wolves (D:9)
  7 centaurs
  2 phantoms (D:6)
  2 lemures (D:7)
  A gnoll sergeant (D:6)
  4 kobold brigands
  A scorpion (D:6)
  A bullfrog (D:8)
  Dowan (D:7)
  2 water moccasin skeletons
  9 killer bees
  8 wights
  An electric eel (D:12)
  A bullfrog zombie (D:5)
  3 centaur zombies
  10 orc priests
  A hound (D:7)
  2 centaur skeletons (D:7)
  A gnoll shaman (D:8)
  A bullfrog skeleton (D:6)
  An iguana (D:6)
  5 orc wizards
  A hound zombie (D:5)
  A howler monkey zombie (D:7)
  Robin (D:1)
  8 gnolls
  3 howler monkey skeletons
  7 adders
  A river rat (Sewer)
  2 white imps (D:7)
  2 worms
  2 dart slugs
  30 orcs
  2 endoplasms
  2 giant cockroaches (D:3)
  10 hobgoblins
  7 jackals
  31 kobolds
  3 quokkas
  5 ball pythons
  7 bats
  3 frilled lizards
  19 goblins
  A goblin zombie (D:4)
  A quokka zombie (D:4)
  11 rats
307 creatures vanquished.

Vanquished Creatures (others)
  A dancing weapon (D:11)
  A kobold (D:8)
  3 plants
5 creatures vanquished.

Grand Total: 312 creatures vanquished

Notes
Turn   | Place    | Note
-------+----------+-------------------------------------------
     0 | D:1      | DarkShadow the Minotaur Fighter began the quest for the
                  | Orb.
     0 | D:1      | Reached XP level 1. HP: 19/19 MP: 0/0
   235 | D:1      | Reached XP level 2. HP: 18/27 MP: 1/1
   712 | D:2      | Reached XP level 3. HP: 33/33 MP: 2/2
   727 | D:2      | Noticed Robin
   765 | D:1      | HP: 1/33 [goblin/+0 club[Robin] (2)]
  1062 | D:1      | Killed Robin
  1500 | D:2      | Found a faded altar of an unknown god.
  1504 | D:2      | Reached XP level 4. HP: 40/40 MP: 3/3
  2205 | D:3      | Found a glowing drain.
  2297 | Sewer    | Entered a sewer
  2415 | Sewer    | Noticed a kobold brigand
  2436 | Sewer    | Killed a kobold brigand
  2437 | Sewer    | Reached XP level 5. HP: 42/47 MP: 4/4
  2588 | Sewer    | Found a white marble altar of Elyvilon.
  2934 | D:3      | Reached skill level 5 in Armour
  2987 | D:3      | Identified a scroll of acquirement
  2987 | D:3      | Acquired a +4 ring of protection
  3122 | D:4      | Found a transporter.
  3266 | D:4      | Found a sand-covered staircase.
  3316 | D:4      | Found a transporter.
  3398 | D:4      | Acquired 943 gold pieces
  3511 | D:5      | Entered Level 5 of the Dungeon
  3518 | D:5      | Acquired the +4 demon blade of Moderation {vorpal, rF+ rN+}
  3539 | D:5      | Noticed tensugalgo's ghost (novice VSGl)
  3540 | D:5      | Found a runed translucent door.
  3562 | D:5      | Killed tensugalgo's ghost
  3563 | D:5      | Reached skill level 5 in Long Blades
  3563 | D:5      | Reached skill level 5 in Shields
  3563 | D:5      | Reached XP level 6. HP: 49/55 MP: 5/5
  3816 | D:5      | Reached XP level 7. HP: 60/60 MP: 6/6
  3842 | D:5      | Reached skill level 5 in Fighting
  4006 | D:5      | Noticed Menkaure
  4009 | D:5      | Killed Menkaure
  4268 | D:5      | Reached XP level 8. HP: 68/68 MP: 7/7
  4536 | D:6      | Found a runed translucent gate.
  4536 | D:6      | Found a runed translucent gate.
  4536 | D:6      | Found a runed translucent gate.
  4604 | D:6      | Noticed PirateVox's ghost (novice KoVM)
  4623 | D:6      | Killed PirateVox's ghost
  4696 | D:6      | Noticed Sigmund
  4701 | D:6      | Killed Sigmund
  4702 | D:6      | Reached skill level 10 in Long Blades
  4702 | D:6      | Reached XP level 9. HP: 75/75 MP: 8/8
  4719 | D:6      | Found Udghofuo's Antique Weapon Boutique.
  5473 | D:6      | Acquired a manual of Shields
  5846 | D:7      | Noticed Dowan
  5847 | D:7      | Noticed Duvessa
  5851 | D:7      | Killed Duvessa
  5860 | D:7      | Killed Dowan
  6005 | D:7      | Noticed Pikel
  6020 | D:7      | Killed Pikel
  6066 | D:7      | Identified the +1 hat "Uwuskyed" {+Inv rCorr Str+3 Stlth+}
  6614 | D:7      | Noticed Maggie
  6621 | D:7      | Killed Maggie
  6622 | D:7      | Reached XP level 10. HP: 82/86 MP: 9/9
  6708 | D:7      | Found a staircase to the Ecumenical Temple.
  6722 | Temple   | Entered the Ecumenical Temple
  6747 | Temple   | Became a worshipper of Gozag Ym Sagoz the Greedy
  6960 | D:8      | Reached skill level 10 in Shields
  7192 | D:8      | Found a glowing silver altar of Zin.
  7192 | D:8      | Found a burning altar of Makhleb.
  7193 | D:8      | Noticed a blizzard demon
  7193 | D:8      | Noticed an angel
  7215 | D:8      | Found a flagged portal.
  8267 | D:9      | Noticed Grum
  8278 | D:9      | Killed Grum
  8378 | D:9      | Noticed a two-headed ogre
  8386 | D:9      | Killed a two-headed ogre
  8387 | D:9      | Reached XP level 11. HP: 92/95 MP: 10/10
  8668 | D:10     | Entered Level 10 of the Dungeon
  8668 | D:10     | Found a staircase to the Lair.
  8693 | D:10     | Noticed a two-headed ogre
  8701 | D:10     | Noticed Snorg
  8702 | D:10     | Killed a two-headed ogre
  8704 | D:10     | Noticed a two-headed ogre
  8705 | D:10     | Reached skill level 10 in Armour
  8731 | D:10     | Noticed a two-headed ogre
  8739 | D:10     | Killed Snorg
  8748 | D:10     | Killed a two-headed ogre
  8800 | D:10     | Killed a two-headed ogre
  9298 | D:11     | Noticed a boulder beetle
  9515 | D:11     | Killed a boulder beetle
  9820 | D:11     | Noticed Erolcha
  9826 | D:11     | Killed Erolcha
  9843 | D:11     | Reached skill level 10 in Fighting
  9870 | D:11     | Noticed a +2 quarterstaff of chaos
  9871 | D:11     | Found a runed translucent door.
  9871 | D:11     | Found a shimmering altar of Xom.
  9871 | D:11     | Noticed Zigma's ghost (journeyman DrMo)
  9888 | D:11     | Killed a +2 quarterstaff of chaos
  9897 | D:11     | HP: 4/99 [Zigma's ghost (14)]
  9908 | D:11     | Killed Zigma's ghost
  9909 | D:11     | Reached XP level 12. HP: 43/106 MP: 11/11
 10197 | D:11     | Found Vywoy's Book Emporium.
 10388 | D:11     | Found a staircase to the Orcish Mines.
 10809 | D:12     | Reached skill level 15 in Long Blades
 11852 | D:13     | Noticed a five-headed hydra
 11864 | D:13     | Killed a 15-headed hydra
 11916 | D:13     | Found a gate to the Vaults.
 11922 | D:13     | Reached skill level 15 in Shields
 12050 | D:13     | Noticed a boulder beetle
 12051 | D:13     | Noticed a catoblepas
 12067 | D:13     | Killed a catoblepas
 12085 | D:13     | Killed a boulder beetle
 12298 | D:13     | Noticed a boulder beetle
 12302 | D:13     | Noticed an eight-headed hydra
 12304 | D:13     | Killed a boulder beetle
 12305 | D:13     | Noticed Jorgrun
 12323 | D:13     | Killed Jorgrun
 12333 | D:13     | Slain by a 14-headed hydra

Illustrated notes

Levels and vault maps discovered:
D:1:      giann_horns, layout_basic
D:2:      layout_rooms, chequers_ecumenical_altar_simple_redux,
          grunt_decor_one_mirror, uniq_robin
D:3:      layout_basic, gup_sewer_entry_bubbles, kennysheep_another_room,
          minmay_close_crescents
D:4:      gammafunk_wand_slinger, layout_cave_pools, enter_ossuary_4
D:5:      layout_loops_ring, hellmonk_ghost_happy_afterlife, uniq_menkaure
D:6:      layout_cave_pods, serial_shops, nicolae_shop_overgrown_old_shop,
          ebering_ghost_rock_garden, hangedman_abyss_or_decor_lesser_grid,
          grunt_decor_cap, uniq_sigmund
D:7:      layout_loops_corners, temple_hall, uniq_maggie, uniq_duvessa,
          uniq_pikel
D:8:      layout_basic, grunt_temple_overflow_order_and_chaos_2, enter_bailey_5,
          grunt_livestock, kennysheep_small_circle
D:9:      layout_loops_corners, uniq_grum
D:10:     layout_big_octagon, uniq_snorg
D:11:     layout_loops_ring, erik_orc_1, serial_shops, shop, ebering_ghost_xom,
          roderic_serpentine_path, uniq_erolcha
D:12:     layout_stronghold, minmay_statues_item, serial_bayou_pond_b,
          kennysheep_generic_room_10
D:13:     layout_roguey, david_vaults_1, small_statue_intersection,
          trog_ov_bears_minmay, uniq_jorgrun
Temple:   regret_index_temple_chain_breaker

Skill      XL: |  1  2  3  4  5  6  7  8  9 10 11 12 |
---------------+-------------------------------------+-----
Armour         | 4 5 6 7 8 9 10 12 | 12.6
Fighting       | 4 5 6 7 8 10 11 | 11.6
Shields        | 4 5 6 9 12 13 15 | 15.8
Long Blades    | 3 4 5 7 10 11 13 14 15 | 15.5
Dodging        | |  0.1
Stealth        | |  0.1

Action                   |  1- 3 |  4- 6 |  7- 9 | 10-12 || total
-------------------------+-------+-------+-------+-------++-------
Melee: Long sword        |    80 |   113 |       |       ||   193
       Headbutt          |    17 |    20 |    34 |   120 ||   191
       Demon blade       |       |    13 |   181 |   502 ||   696
       Unarmed           |       |       |       |    15 ||    15
  Use: Scroll            |       |    19 |     3 |     6 ||    28
       Potion            |       |     2 |     1 |     8 ||    11
 Stab: Distracted        |       |       |       |     3 ||     3
       Invisible         |       |       |       |     1 ||     1
Armor: Scale mail        |    53 |    52 |     4 |       ||   109
       Plate armour      |       |       |    69 |   255 ||   324
       Skin              |       |       |       |     4 ||     4
Dodge: Dodged            |    24 |    37 |    32 |   101 ||   194
Block: Kite shield       |    65 |    63 |   125 |   252 ||   505
       Rpst.: Long sword |     4 |     4 |       |       ||     8
       Demon blade       |       |       |     7 |    20 ||    27

Table legend: (Time is in decaauts)
 A = Elapsed time spent in this place.
 B = Non-inter-level travel time spent in this place.
 C = Inter-level travel time spent in this place.
 D = Time resting spent in this place.
 E = Time spent auto-exploring this place.
 F = Levels seen in this place.
 G = Mean time per level.
                   A        B        C        D        E       F      G
               +--------+--------+--------+--------+--------+-----+--------+
         Total |  12391 |  12233 |    158 |   1267 |   6669 |  15 |  826.1 |
       Dungeon |  11844 |  11714 |    130 |   1159 |   6547 |  13 |  911.1 |
        Temple |     49 |     21 |     28 |      0 |     17 |   1 |   49.0 |
         Sewer |    498 |    498 |      0 |    108 |    105 |   1 |  498.0 |
               +--------+--------+--------+--------+--------+-----+--------+

Top non-repeatable levels by time:
    D:11: 1383 daAuts
     D:7: 1244 daAuts
     D:1: 1194 daAuts
     D:6: 1174 daAuts
    D:12: 1045 daAuts
     D:3: 942 daAuts
     D:9: 925 daAuts
     D:5: 907 daAuts
     D:8: 834 daAuts
     D:2: 666 daAuts
    D:10: 616 daAuts
   Sewer: 498 daAuts
    D:13: 492 daAuts
     D:4: 418 daAuts
  Temple: 49 daAuts
